 Dungeon Crawl Stone Soup version 0.31-a0-700-gf13585253f (webtiles) character file.

Game seed: 13351172596687996439

137 qw the Shooter (level 5, -1/32 HPs)
             Began as a Gargoyle Hunter on Sept 7, 2023.
             Slain by an orc
             ... wielding a +0 club
              (3 damage)
             ... on level 3 of the Dungeon.
             The game lasted 00:00:40 (1738 turns).

qw the Shooter (Gargoyle Hunter)                    Turns: 1738, Time: 00:00:41

Health: -1/32      AC:  9    Str: 14    XL:     5   Next: 20%
Magic:  5/5        EV: 10    Int: 10    God:
Gold:   42         SH:  0    Dex: 15    Spells: 4/4 levels left

rFire   . . .        Y - +0 shortbow (freeze)
rCold   . . .        (shield currently unavailable)
rNeg    + . .        g - +0 ring mail
rPois   inf          (no helmet)
rElec   +            (no cloak)
rCorr   .            (no gloves)
SInv    .            (no boots)
Will    .....        (no amulet)
Stlth   +            (no ring)
HPRegen 0.25/turn    (no ring)
MPRegen 0.09/turn

%: no passive effects
@: no status effects
A: sickness immunity, AC +4, negative energy resistance 1, electricity
resistance, torment resistance 1, petrification resistance
a: no special abilities


You were on level 3 of the Dungeon.
You visited 1 branch of the dungeon, and saw 3 of its levels.

You collected 42 gold pieces.


Innate Abilities, Weirdness & Mutations

You are immune to sickness and miasma.
Your stone body is resilient. (AC +4)
You are immune to poison.
You resist negative energy. (rN+)
You are resistant to electric shocks. (rElec)
You are resistant to unholy torment.
You are immune to petrification.


   Skills:
 - Level 3.2 Fighting
 + Level 5.8 Ranged Weapons
 - Level 1.0 Armour
 - Level 1.5 Dodging
 - Level 1.1 Stealth


You had 4 spell levels left.
You didn't know any spells.
Your spell library was empty.

Inventory:

Hand Weapons
 Y - a +0 shortbow of freezing (weapon)
Armour
 g - a +0 ring mail (worn)
Potions
 f - a potion of enlightenment {unknown}
 i - a potion of haste {unknown}

Dungeon Overview and Level Annotations

Branches:
Dungeon (3/15)

Altars:


Message History

The orc hits you with a +0 club. The iguana bites you!
You shoot an arrow. The arrow closely misses the iguana.
An orc comes into view. It is wielding a +0 dagger.
The orc closely misses you. The iguana barely misses you.
The orc hits you but does no damage. The iguana bites you!
You shoot an arrow. The arrow hits the iguana.
The arrow freezes the iguana.
The iguana is heavily wounded.
The orc hits you but does no damage. The frilled lizard closely misses you.
The iguana bites you.
You shoot an arrow. The arrow barely misses the iguana.
The arrow hits the orc!
The arrow freezes the orc.
You kill the orc!
The orc hits you but does no damage.
A goblin comes into view. It is wielding a +0 club.
The frilled lizard bites you but does no damage.
The iguana bites you.
You shoot an arrow. The arrow hits the iguana.
The iguana seems to slow down.
The arrow freezes the iguana.
The iguana is almost dead.
The orc hits you with a +0 club.
The frilled lizard bites you but does no damage.
The iguana bites you but does no damage.
You shoot an arrow. The arrow hits the iguana.
The iguana seems to slow down.
The arrow freezes the iguana.
You kill the iguana!
The orc hits you with a +0 club. The frilled lizard barely misses you.
The frilled lizard bites you but does no damage.
The orc hits you but does no damage. The orc closely misses you.
You have reached level 5!
You shoot an arrow. The arrow hits the frilled lizard!
The arrow freezes the frilled lizard.
You kill the frilled lizard!
The orc hits you but does no damage. x2
You shoot an arrow. The arrow closely misses the goblin.
The orc hits you with a +0 dagger. The orc hits you but does no damage.
The goblin hits you but does no damage.
You shoot an arrow. The arrow hits the goblin!
The arrow freezes the goblin.
You kill the goblin!
The orc hits you but does no damage. The orc hits you with a +0 club.
You die...

#+##
#...##
##.....##
##.......#
#.........
+.).......
#@o)......
##o......#
##...>.##
....##
.#+## ..
P. o..


You could see 2 orcs.

Vanquished Creatures
  An orc priest (D:3)
  An iguana (D:3)
  2 adders (D:2)
  2 worms (D:2)
  An orc (D:3)
  6 ball pythons
  4 endoplasms
  A giant cockroach (D:1)
  4 hobgoblins
  4 jackals (D:2)
  6 quokkas
  5 bats
  3 frilled lizards
  4 goblins
  7 kobolds
  6 rats
57 creatures vanquished.

Notes
Turn   | Place    | Note
-------+----------+-------------------------------------------
     0 | D:1      | qw the Gargoyle Hunter began the quest for the Orb.
     0 | D:1      | Reached XP level 1. HP: 12/12 MP: 1/1
     0 | D:1      | 0 ||| qw: Version: 0.3-a-76-g4403597
     0 | D:1      | 0 ||| qw: Game counter: 636
     0 | D:1      | 0 ||| qw: Melee chars always use a shield: true
     0 | D:1      | 0 ||| qw: God list: Okawaru
     0 | D:1      | 0 ||| qw: Allow faded altars: false
     0 | D:1      | 0 ||| qw: Do Orc after clearing Dungeon:15 true
     0 | D:1      | 0 ||| qw: Do second Lair branch before Depths: true
     0 | D:1      | 0 ||| qw: Lair rune preference: random
     0 | D:1      | 0 ||| qw: Goals: Normal
     0 | D:1      | 0 ||| PLANNING D:1-11
    81 | D:1      | Reached XP level 2. HP: 13/17 MP: 2/2
   227 | D:1      | Found a faded altar of an unknown god.
   669 | D:1      | Reached XP level 3. HP: 21/21 MP: 3/3
   750 | D:1      | 750 ||| UPGRADING to +0 ring mail.
   760 | D:1      | 760 ||| DROPPING +0 leather armour.
   761 | D:1      | 761 ||| DROPPING ring of magical power.
   762 | D:1      | 762 ||| READING scroll labelled MOCIGA MORAWN.
   763 | D:1      | 763 ||| DRINKING 3 black potions.
   764 | D:1      | 764 ||| DROPPING scroll of butterflies.
   765 | D:1      | 765 ||| DROPPING 2 potions of attraction.
   882 | D:2      | Reached skill level 1 in Armour
   928 | D:2      | Reached skill level 5 in Ranged Weapons
  1320 | D:2      | Reached skill level 3 in Fighting
  1320 | D:2      | Reached XP level 4. HP: 23/28 MP: 4/4
  1359 | D:2      | 1359 ||| FLEEEEING.
  1701 | D:2      | 1701 ||| READING scroll labelled ITZAOH CETIPT.
  1702 | D:2      | 1702 ||| READING scroll labelled FOLEUPHEXIZ.
  1723 | D:3      | 1723 ||| Stepping ~*~*~tactically~*~*~ (outnumbered).
  1732 | D:3      | HP: 6/28 [iguana (3)]
  1735 | D:3      | HP: 2/28 [orc/+0 club (2)]
  1736 | D:3      | Reached XP level 5. HP: 2/32 MP: 5/5
  1738 | D:3      | Slain by an orc

Levels and vault maps discovered:
D:1:      mainiacjoe_arrival_reflecting_pool, layout_basic,
          ebering_ecumenical_altar_webs, minmay_misc_feat_nine_boxes
D:2:      layout_basic
D:3:      layout_loops_corners, fedhas_altar_1,
          mainiacjoe_overflow_small_starburst, serial_shops,
          nicolae_shop_statue_plus, roderic_batcave

Skill      XL: |  1  2  3 |
---------------+----------+-----
Armour         | 1 |  1.0
Ranged Weapons | 5 |  5.8
Fighting       | 3 |  3.2
Dodging        | |  1.5
Stealth        | |  1.1

Action                     |  1- 3 |  4- 6 || total
---------------------------+-------+-------++-------
   Fire: Shortbow          |   126 |    45 ||   171
    Use: Scroll            |     1 |     2 ||     3
         Potion            |     1 |       ||     1
 Armour: Leather armour    |    16 |       ||    16
         Ring mail         |    24 |    30 ||    54
  Dodge: Dodged            |    33 |    12 ||    45

Table legend:
 A = Non-vault XP
 B = Vault XP
 C = Vault XP percentage of total XP
 D = Non-vault monster count
 E = Vault monster count
 F = Vault count percentage of total count
                 A         B        C        D         E       F
            +---------+---------+-------+---------+---------+-------
      Total |     198 |       0 |   0.0 |      57 |       0 |   0.0
            +---------+---------+-------+---------+---------+-------
        D:1 |      37 |       0 |   0.0 |      23 |       0 |   0.0
        D:2 |      74 |       0 |   0.0 |      28 |       0 |   0.0
        D:3 |      87 |       0 |   0.0 |       6 |       0 |   0.0
            +---------+---------+-------+---------+---------+-------
